 Dungeon Crawl Stone Soup version 0.25.1-2-g60ff931df9 (webtiles) character file.

Game seed: 2793598880147058203

15728 DildoBatman the Geomancer (level 12, -20/88 HPs)
             Began as a Formicid Wizard on Sept 13, 2020.
             Was a High Priest of Kikubaaqudgha.
             Killed from afar by an ice dragon (47 damage)
             ... with a blast of cold
             ... on level 12 of the Dungeon.
             The game lasted 00:55:21 (13361 turns).

DildoBatman the Geomancer (Formicid Wizard)        Turns: 13361, Time: 00:55:21

Health: -20/88     AC: 15    Str: 12    XL:     12   Next: 61%
Magic:  4/22       EV: 13    Int: 23    God:    Kikubaaqudgha [*****.]
Gold:   670        SH:  5    Dex: 15    Spells: 4/25 levels left

rFire    + . .     SeeInvis +   a - +4 falchion (freeze)
rCold    . . .     Gourm    .   T - +0 buckler
rNeg     . . .     Faith    .   K - +4 ring mail {rF+}
rPois    .         Spirit   .   (helmet unavailable)
rElec    .         Reflect  .   l - +0 cloak
rCorr    +         Harm     .   (no gloves)
MR       +....                  U - +3 pair of boots "Bewoq" {rCorr}
Stlth    +.........             m - amulet of magic regeneration
HPRegen  0.24/turn              W - ring of wizardry
MPRegen  0.43/turn              j - +6 ring of dexterity

@: no status effects
A: permanent stasis, dig shafts and tunnels, four strong arms, antennae 3
a: Dig, Shaft Self, Receive Corpses, Torment, Renounce Religion


You were on level 12 of the Dungeon.
You worshipped Kikubaaqudgha.
Kikubaaqudgha was extremely pleased with you.
You were hungry.

You visited 2 branches of the dungeon, and saw 13 of its levels.

You collected 670 gold pieces.

Inventory:

Hand Weapons
 a - a +4 falchion of freezing (weapon)
 b - a cursed +4 halberd
 c - a +0 hunting sling
 d - a +1 whip of electrocution
 f - the cursed +1 falchion of the Onslaught {speed, rPois Dex+2}
   (You took it off a centaur on level 8 of the Dungeon)

   Attacks with this weapon are significantly faster.
   It affects your dexterity (+2).
   It protects you from poison.
   It has a curse placed upon it.
 g - a +3 scimitar of flaming
Missiles
 h - 48 bolts
 k - 24 poisoned darts (quivered)
 p - 8 silver javelins
 s - 110 sling bullets
 M - 200 arrows
 O - 7 curare-tipped darts
 R - 329 stones
Armour
 l - a +0 cloak (worn)
 o - a +0 robe of resistance
 w - a +0 tower shield
 K - a +4 ring mail of fire resistance (worn)
 T - a +0 buckler (worn)
 U - the +3 pair of boots "Bewoq" (worn) {rCorr}
   (You found it on level 10 of the Dungeon)

   It provides partial protection from all sources of acid and corrosion.
Jewellery
 j - a +6 ring of dexterity (right hand)
 m - an amulet of magic regeneration (around neck)
 H - the ring "Fitwes" {AC+4 Str+4}
   (You found it on level 4 of the Dungeon)

   [ring of protection]

   It affects your AC (+4).
   It affects your strength (+4).
 S - an uncursed ring of protection from magic
 V - an uncursed ring of magical power
 W - a ring of wizardry (left hand)
Wands
 i - a wand of flame (26)
 y - a wand of iceblast (20)
 A - a wand of paralysis (3)
 X - a wand of acid (5)
Scrolls
 e - a scroll of amnesia {unknown}
 q - a scroll of silence {unknown}
 t - 2 scrolls of fear
 x - 6 scrolls of remove curse
 z - a scroll of identify
Potions
 n - 2 potions of ambrosia
 B - 4 potions of brilliance
Comestibles
 v - 18 rations


   Skills:
 - Level 6.1 Fighting
 - Level 6.1 Armour
 - Level 5.5 Dodging
 - Level 2.4 Stealth
 * Level 4.1 Shields
 - Level 7.0 Spellcasting
 - Level 6.0 Conjurations
   Level 1.0 Summonings
 * Level 8.9 Necromancy
   Level 0.8 Translocations
 - Level 5.0 Fire Magic
 - Level 5.0 Air Magic
 - Level 9.0 Earth Magic


You had 4 spell levels left.
You knew the following spells:

 Your Spells              Type           Power        Failure   Level  Hunger
a - Conjure Flame         Conj/Fire      ####....     1%          3    None
b - Borgnjor's Vile Clut  Necr/Erth      #####.....   4%          5    #####..
c - Magic Dart            Conj           ####         1%          1    None
d - Vampiric Draining     Necr           #####.....   1%          3    None
e - Mephitic Cloud        Conj/Pois/Air  ###.....     4%          3    None
h - Dispel Undead         Necr           #####...     1%          4    ###....
z - Sublimation of Blood  Necr           #####.....   1%          2    None

Your spell library contained the following spells:

 Spells                   Type           Power        Failure   Level  Hunger
 Animate Skeleton         Necr           N/A          1%          1    None
 Pain                     Necr           ####         1%          1    None
 Summon Small Mammal      Summ           ##..         4%          1    None
 Call Imp                 Summ           ##......     6%          2    None
 Slow                     Hex            #.......     10%         2    None
 Call Canine Familiar     Summ           ##......     12%         3    None
 Summon Guardian Golem    Hex/Summ       ##......     16%         3    None
 Summon Lightning Spire   Summ/Air       ###.....     17%         4    ###....
 Summon Ice Beast         Ice/Summ       ##......     43%         4    ###....
 Agony                    Necr           #####...     4%          5    #####..
 Excruciating Wounds      Chrm/Necr      ####......   26%         5    #####..
 Simulacrum               Ice/Necr       ####......   80%         6    ######.
 Blink                    Tloc           Unusable     N/A         2    N/A

Dungeon Overview and Level Annotations

Branches:
Dungeon (12/15)            Temple (1/1) D:7            Lair (0/6) D:9
    Orc (0/2) D:12

Altars:
Ashenzari
Cheibriados
Dithmenos
Elyvilon
Fedhas
Gozag
Hepliaklqana
Kikubaaqudgha
Makhleb
Nemelex Xobeh
Okawaru
Qazlal
Ru
Sif Muna
Trog
Uskayaw
Vehumet
Wu Jian
Xom
Yredelemnul
Zin
The Shining One

Portals:
Ice
Cave: D:12

Annotations:
D:4 1 runed translucent door, emsyzz's ghost, amateur DEFE
D:7 2 transporters, 1 exclusion, Thomus's ghost, novice DECj


Innate Abilities, Weirdness & Mutations

You cannot be hasted, slowed, berserked, paralysed or teleported.
You can dig through walls and to a lower floor.
Your four strong arms can wield two-handed weapons with a shield.
You have a pair of large antennae on your head. (SInv)


Message History

You eat the chunk of flesh.
You are feeling hungry.
Casting: Borgnjor's Vile Clutch (dangerous; 4% risk of failure)
Confirm with . or Enter, or press ? or * to list all spells.
Aiming: Borgnjor's Vile Clutch (dangerous; 4% risk of failure)
Press: ? - help, Shift-Dir - straight line, f/p - ice dragon
Aim: an ice dragon (severely wounded) Zombie hands grab the ice dragon.
The zombie hands constrict the ice dragon, but do no damage.
The ice dragon bites you! The ice dragon claws you.
The ice dragon tramples you.
You hold your ground!
You retract your mandibles.
The zombie hands constrict the ice dragon!
The ice dragon breathes frost at you. The blast of cold hits you!!!
Ouch! That really hurt!
You die...
Kikubaaqudgha rasps: "You have failed me!
Welcome... death!"

,**#.#####..# #........,,,,,,,,,
,* #.....><.# #........,,,,,,,,,
** #........# #|######.,******,,
,**######...# #.# *,,* *,, *,****
*#...# #.# *,,* *,, ,,,,,*
*>...####.# *,,* *,, ,,,,,*
#.........# *,,* *,, {,,,,*
##?.......# *,,* *,, ,,,,,*
#..####.@## *,,* *,, ,,,,,* #..#
#...# *,,* *,, ,,,,,* *,,* #.D##
*,>* *,, ,,,,,* *,,* #.l.## *,,*
*,, ,,,,,* *,,* #..#{## *,{* *,,
,,,,,* *,,* #..##{# *,,* *,,
,,,,,* *{,* #..##.# *,,* *,,
,,,,,****,,** #..##.# *,,* *,,
,,,,,,,,,,..###..##{###..#*****,,


You could see an ice dragon (catching breath, clutched) and an iguana.

Vanquished Creatures
  2 two-headed ogres
  Erica (D:8)
  An unseen horror (D:11)
  Pikel (D:4)
  A cyclops (D:11)
  A manticore (D:9)
  Psyche (D:8)
  Joseph (D:7)
  A komodo dragon (D:9)
  A queen bee (D:11)
  4 polar bears (D:12)
  Grinder (D:6)
  Prince Ribbit (D:8)
  A hornet (D:9)
  2 hippogriffs
  A wraith (D:10)
  Sigmund (D:6)
  2 wyverns
  6 yaks
  A human (D:9)
  Edmund (D:4)
  An acid dragon (D:11)
  Menkaure (D:6)
  Duvessa (D:5)
  A water moccasin (D:7)
  3 sky beasts
  An ice beast (D:12)
  4 slaves (D:5)
  2 black bears (D:11)
  12 orc warriors
  2 phantoms
  8 ogres
  4 centaurs
  A necrophage (D:6)
  2 wolves (D:12)
  A crocodile (D:10)
  2 big kobolds
  5 bullfrogs
  A wyvern zombie (D:8)
  Dowan (D:5)
  4 scorpions (D:7)
  24 killer bees
  4 wights (D:8)
  4 howler monkeys
  5 crimson imps
  2 bullfrog zombies
  18 orc priests
  A centaur zombie (D:11)
  3 hounds
  3 jellies
  A centaur skeleton (D:3)
  15 orc wizards
  2 bullfrog skeletons (D:6)
  An iguana (D:11)
  10 worker ants
  A hound zombie (D:7)
  A hound skeleton (D:4)
  2 worker ant zombies
  14 adders
  A howler monkey skeleton (D:5)
  3 shadow imps
  2 oozes
  3 adder zombies
  An adder skeleton (D:7)
  3 worms
  5 dart slugs
  5 leopard geckos
  74 orcs
  4 giant cockroaches
  13 goblins
  10 hobgoblins
  15 jackals
  16 kobolds
  4 quokkas
  2 ball pythons (D:3)
  11 bats
  8 frilled lizards
  A jackal skeleton (D:4)
  A quokka skeleton (D:4)
  7 rats
389 creatures vanquished.

Vanquished Creatures (collateral kills)
  2 killer bees (D:6)
2 creatures vanquished.

Vanquished Creatures (others)
  5 plants (D:9)
  A withered plant (D:4)
6 creatures vanquished.

Grand Total: 397 creatures vanquished

Notes
Turn   | Place    | Note
-------+----------+-------------------------------------------
     0 | D:1      | DildoBatman the Formicid Wizard began the quest for the
                  | Orb.
     0 | D:1      | Reached XP level 1. HP: 13/13 MP: 4/4
   137 | D:1      | Reached skill level 1 in Conjurations
   260 | D:1      | Reached XP level 2. HP: 19/19 MP: 3/6
   483 | D:1      | Reached XP level 3. HP: 12/24 MP: 0/7
  1328 | D:2      | Reached XP level 4. HP: 20/30 MP: 8/8
  1553 | D:2      | Found a faded altar of an unknown god.
  1726 | D:2      | Reached XP level 5. HP: 35/35 MP: 9/9
  2134 | D:3      | Found a bloodstained altar of Trog.
  2278 | D:3      | Found a radiant altar of Vehumet.
  2341 | D:3      | Learned a level 3 spell: Conjure Flame
  2345 | D:3      | Learned a level 3 spell: Mephitic Cloud
  2927 | D:4      | Found an ornate altar of the Wu Jian Council.
  2955 | D:4      | Reached skill level 5 in Conjurations
  2955 | D:4      | Reached XP level 6. HP: 41/41 MP: 10/10
  3105 | D:4      | Found a shadowy altar of Dithmenos.
  3109 | D:4      | Got a translucent steel ring
  3135 | D:4      | Identified the ring "Fitwes" {AC+4 Str+4} (You found it on
                  | level 4 of the Dungeon)
  3200 | D:4      | Found a runed translucent door.
  3206 | D:4      | Noticed emsyzz's ghost (amateur DEFE)
  3274 | D:4      | Reached XP level 7. HP: 46/46 MP: 11/11
  3281 | D:4      | Found an iron altar of Okawaru.
  3617 | D:5      | Entered Level 5 of the Dungeon
  3915 | D:5      | Reached skill level 1 in Fire Magic
  3915 | D:5      | Reached skill level 1 in Air Magic
  3949 | D:5      | Noticed Edmund
  4272 | D:5      | Noticed Duvessa
  4272 | D:5      | Noticed Dowan
  4528 | D:5      | Noticed Pikel
  5371 | D:6      | Reached XP level 8. HP: 34/52 MP: 12/12
  5502 | D:6      | Noticed Sigmund
  5688 | D:6      | Noticed Menkaure
  5864 | D:6      | Reached skill level 5 in Fire Magic
  6120 | D:6      | Noticed Grinder
  6175 | D:7      | Reached skill level 5 in Air Magic
  6175 | D:7      | Reached XP level 9. HP: 33/58 MP: 13/13
  6206 | D:7      | Found a staircase to the Ecumenical Temple.
  6223 | Temple   | Entered the Ecumenical Temple
  6346 | Temple   | Became a worshipper of Kikubaaqudgha
  6436 | D:6      | Killed Grinder
  6532 | D:6      | Killed Menkaure
  6626 | D:6      | Found a bloodstained altar of Trog.
  6956 | D:6      | Killed Sigmund
  7157 | D:4      | Killed Edmund
  7301 | D:5      | Killed Duvessa
  7317 | D:5      | Killed Dowan
  7514 | D:4      | Killed Pikel
  7514 | D:4      | Reached XP level 10. HP: 66/73 MP: 15/15
  7753 | D:7      | Found a transporter.
  7753 | D:7      | Found a transporter.
  7753 | D:7      | Noticed Thomus's ghost (novice DECj)
  7762 | D:6      | Reached * piety under Kikubaaqudgha
  7762 | D:6      | Identified Kikubaaqudgha's Reference Book on Stolen Souls
                  | (Kikubaaqudgha gifted it to you on level 6 of the Dungeon)
  7762 | D:6      | Received a gift from Kikubaaqudgha
  7762 | D:6      | Reached skill level 5 in Armour
  7765 | D:6      | Reached skill level 5 in Fighting
  8091 | D:7      | Reached skill level 5 in Dodging
  8299 | D:7      | Noticed Joseph
  8333 | D:7      | Killed Joseph
  8922 | D:7      | Reached skill level 5 in Spellcasting
  9152 | D:7      | Noticed a seven-headed hydra
  9298 | D:8      | Reached ** piety under Kikubaaqudgha
  9456 | D:8      | Noticed Prince Ribbit
  9469 | D:8      | Killed Prince Ribbit
  9469 | D:8      | Reached skill level 1 in Necromancy
  9837 | D:8      | Noticed Psyche
  9837 | D:8      | Noticed Erica
  9850 | D:8      | Killed Psyche
  9850 | D:8      | Reached XP level 11. HP: 76/81 MP: 20/20
  9858 | D:8      | Killed Erica
  9862 | D:8      | Learned a level 2 spell: Sublimation of Blood
  9866 | D:8      | Learned a level 3 spell: Vampiric Draining
  9994 | D:8      | Identified the cursed +1 falchion of the Onslaught {speed,
                  | rPois Dex+2}
 10022 | D:8      | Reached skill level 1 in Shields
 10257 | D:8      | Found an opulent altar of Gozag.
 10331 | D:8      | Reached *** piety under Kikubaaqudgha
 10331 | D:8      | Identified Kikubaaqudgha's Volume of Sinister Secrets
                  | (Kikubaaqudgha gifted it to you on level 8 of the Dungeon)
 10331 | D:8      | Received a gift from Kikubaaqudgha
 10427 | D:8      | Found a blossoming altar of Fedhas.
 10657 | D:9      | Reached skill level 5 in Necromancy
 10711 | D:9      | Found a staircase to the Lair.
 11318 | D:9      | Noticed a manticore
 11331 | D:9      | Killed a manticore
 11389 | D:9      | Learned a level 5 spell: Borgnjor's Vile Clutch
 11394 | D:9      | Learned a level 4 spell: Dispel Undead
 11395 | D:10     | Entered Level 10 of the Dungeon
 11410 | D:9      | Reached skill level 1 in Earth Magic
 11431 | D:10     | Noticed a two-headed ogre
 11431 | D:10     | Reached skill level 2 in Earth Magic
 11505 | D:10     | Killed a two-headed ogre
 11505 | D:10     | Reached skill level 4 in Earth Magic
 11619 | D:10     | Reached skill level 5 in Earth Magic
 11628 | D:10     | Reached skill level 6 in Earth Magic
 11699 | D:10     | Reached **** piety under Kikubaaqudgha
 12077 | D:10     | Got a pair of encrusted boots
 12083 | D:10     | Identified the +3 pair of boots "Bewoq" {rCorr} (You found
                  | it on level 10 of the Dungeon)
 12168 | D:11     | Noticed a cyclops
 12182 | D:11     | Killed a cyclops
 12182 | D:11     | Reached skill level 7 in Earth Magic
 12228 | D:11     | Reached XP level 12. HP: 74/88 MP: 16/22
 12308 | D:11     | Noticed an unseen horror
 12315 | D:11     | Killed an unseen horror
 12315 | D:11     | Reached skill level 8 in Earth Magic
 12329 | D:11     | Noticed a two-headed ogre
 12340 | D:11     | Killed a two-headed ogre
 12340 | D:11     | Reached skill level 9 in Earth Magic
 12427 | D:11     | Reached ***** piety under Kikubaaqudgha
 13283 | D:12     | Found a staircase to the Orcish Mines.
 13293 | D:12     | Found a frozen archway.
 13293 | D:12     | Noticed an ice dragon
 13353 | D:12     | HP: 3/88 [ice dragon/blast of cold (48)]
 13361 | D:12     | Killed from afar by an ice dragon

Illustrated notes

Levels and vault maps discovered:
D:1:      kilobyte_arrival_exit_the_forest, layout_basic
D:2:      layout_basic, chequers_ecumenical_altar_twisty, minmay_statues_item,
          minmay_circle_x
D:3:      layout_loops_ring, old_standard_altar, lemuel_round_altar,
          first_ration
D:4:      layout_basic, grunt_dithmenos_smoke_and_mirrors,
          okawaru_metal_pillars_1_2, kennysheep_mini_moat, gammafunk_ghost_grave
D:5:      layout_basic, uniq_edmund, uniq_duvessa, uniq_pikel
D:6:      layout_basic, trog_book, uniq_sigmund, uniq_grinder, uniq_menkaure
D:7:      minmay_the_grid_triangle_9x9_rhombus_full
          [minmay_the_grid_triangle_9x9_swiss_cheese,
          minmay_the_grid_triangle_9x9_from_above,
          minmay_the_grid_triangle_9x9_zippers_horizontal,
          minmay_the_grid_triangle_9x9_zippers_vertical,
          minmay_the_grid_triangle_9x9_corruption,
          minmay_the_grid_triangle_9x9_sprig,
          minmay_the_grid_triangle_9x9_skeleton,
          minmay_the_grid_triangle_9x9_prize_center], layout_basic,
          minmay_temple_entry_stoned_glass, gammafunk_ghost_mausoleum,
          uniq_joseph
D:8:      layout_loops_corners, nicolae_overflow_crystal_walls,
          lemuel_crystal_altar, special_room [special_room_orc],
          uniq_prince_ribbit1, uniq_psyche, uniq_erica
D:9:      layout_loops_ring, david_lair_shrubbed, grunt_pizzeria,
          kennysheep_another_room
D:10:     layout_loops_cross
D:11:     layout_rooms, special_room [special_room_orc], minivault_7
D:12:     layout_long_grid, orc_0_dummy,
          portal_ice_cave_entry_animals_and_master, lemuel_statue_altar
Temple:   regret_index_temple_waves

Skill      XL: |  1  2  3  4  5  6  7  8  9 10 11 12 |
---------------+-------------------------------------+-----
Conjurations   | 1 2 3 4 5 6 |  6.0
Fire Magic     | 3 5 |  5.0
Air Magic      | 2 5 |  5.0
Fighting       | 4 6 |  6.1
Armour         | 4 6 |  6.1
Dodging        | 4 5 |  5.5
Spellcasting   | 6 7 |  7.0
Necromancy     | 2 6 8 |  8.9
Shields        | 3 4 |  4.1
Earth Magic    | 7 9 |  9.0
Stealth        | |  2.4
Summonings     | |  1.0
Translocations | |  0.8

Action                   |  1- 3 |  4- 6 |  7- 9 | 10-12 || total
-------------------------+-------+-------+-------+-------++-------
Melee: Unarmed           |     1 |       |       |       ||     1
       Whip              |     9 |       |       |       ||     9
       Dagger            |       |     6 |    76 |    42 ||   124
       Short sword       |       |       |    74 |   162 ||   236
       Falchion          |       |       |       |   181 ||   181
 Fire: Hunting sling     |       |       |    12 |    48 ||    60
Throw: Dart              |       |       |       |     8 ||     8
 Cast: Magic Dart        |    85 |   172 |   213 |   125 ||   595
       Mephitic Cloud    |       |       |    26 |    72 ||    98
       Conjure Flame     |       |       |    20 |    60 ||    80
       Vampiric Draining |       |       |       |    32 ||    32
       Dispel Undead     |       |       |       |     2 ||     2
       Borgnjor's Vile C |       |       |       |    15 ||    15
 Abil: Dig               |     1 |     2 |    21 |    14 ||    38
Evoke: Wand              |       |       |       |     7 ||     7
  Use: Scroll            |       |     2 |     3 |     7 ||    12
       Potion            |       |       |       |     2 ||     2
 Stab: Confused          |       |       |     7 |    16 ||    23
       Sleeping          |       |       |     1 |       ||     1
  Eat: Chunk             |     1 |     6 |    15 |    26 ||    48
       Ration            |       |       |     1 |       ||     1
Armor: Robe              |    10 |     5 |    66 |       ||    81
       Ring mail         |       |       |       |   138 ||   138
Dodge: Dodged            |    23 |    16 |   129 |   255 ||   423
Block: Buckler           |       |       |       |    40 ||    40
       Rpst.: Falchion   |       |       |       |    31 ||    31
